 Dungeon Crawl Stone Soup version 0.21-a0-531-gacddea6 (webtiles) character file.

92 slep the Chopper (level 4, -2/33 HPs)
             Began as a Demonspawn Gladiator on Dec 13, 2017.
             Slain by an orc wizard
             ... wielding a +0 dagger
              (5 damage)
             ... on level 3 of the Dungeon.
             The game lasted 00:05:17 (1556 turns).

slep the Chopper (Demonspawn Gladiator)             Turns: 1556, Time: 00:05:18

Health: -2/33      AC:  4    Str: 17    XL:     4   Next: 35%
Magic:  4/4        EV: 13    Int:  9    God:
Gold:   92         SH:  0    Dex: 16    Spells: 3/3 levels left

rFire    . . .     SeeInvis .   a - +0 war axe
rCold    . . .     Gourm    .   (no shield)
rNeg     . . .     Faith    .   b - +0 leather armour
rPois    .         Spirit   .   c - +0 helmet
rElec    .         Reflect  .   (no cloak)
rCorr    .         Harm     .   (no gloves)
MR       .....                  (no boots)
Stlth    +.........             (no amulet)
HPRegen  0.11/turn              o - +3 ring of strength
MPRegen  0.09/turn              (no ring)

@: slowed, very slow
A: claws 1, powered by pain 1
a: no special abilities


You were on level 3 of the Dungeon.
You were very hungry.

You visited 1 branch of the dungeon, and saw 3 of its levels.

You collected 92 gold pieces.

Inventory:

Hand Weapons
 a - a +0 war axe (weapon)
Missiles
 d - 3 throwing nets (quivered)
Armour
 b - a +0 leather armour (worn)
 c - a +0 helmet (worn)
Jewellery
 o - a +3 ring of strength (left claw)
Scrolls
 g - 2 scrolls of remove curse {unknown}
 l - 3 scrolls of identify {unknown}
Potions
 e - 2 potions of mutation {unknown}
 h - a potion of heal wounds {unknown}
 i - 2 potions of brilliance {unknown}
 j - 3 potions of resistance {unknown}
 k - a potion of curing {unknown}
 n - a potion of agility {unknown}
Books
 m - a book of Power

   Spells                             Type                      Level
   a - Iskenderun's Battlesphere      Conjuration/Charms           5
   b - Venom Bolt                     Conjuration/Poison           5
   c - Bolt of Magma                  Conjuration/Fire/Earth       5
   d - Iron Shot                      Conjuration/Earth            6
   e - Orb of Destruction             Conjuration                  7
   f - Spellforged Servitor           Conjuration/Summoning        7
Comestibles
 f - 2 bread rations


   Skills:
 + Level 2.2 Fighting
 + Level 3.8 Axes
 + Level 2.0 Throwing
 + Level 1.1 Armour
 + Level 3.1 Dodging
 + Level 0.6 Stealth


You had 3 spell levels left.
You didn't know any spells.

Dungeon Overview and Level Annotations

Branches:
Dungeon (3/15)

Altars:


Innate Abilities, Weirdness & Mutations

You have sharp fingernails.
You sometimes gain a little power by taking damage.


Message History

* * * LOW HITPOINT WARNING * * *
The hobgoblin hits you but does no damage.
You barely miss the orc wizard.
The orc wizard is severely wounded.
You hit the hobgoblin but do no damage.
The orc wizard gestures at you while chanting.
You feel yourself slow down. The hobgoblin hits you with a club.
* * * LOW HITPOINT WARNING * * *
The orc wizard closely misses you.
You closely miss the orc wizard.
The orc wizard is severely wounded.
You hit the hobgoblin.
The hobgoblin hits you but does no damage.
The orc wizard hits you but does no damage.
The orc wizard gestures at you while chanting.
You resist with some effort. The hobgoblin barely misses you.
You closely miss the orc wizard.
The orc wizard is severely wounded.
You closely miss the hobgoblin. The orc wizard hits you with a dagger.
You die...

##..# ....
.... #..#
#..#
..####.o#
.....rog# #@#
###########.#
............#
#############


You could see an orc wizard, an orc, a hobgoblin and a rat.

Vanquished Creatures
  4 adders (D:2)
  A worm (D:2)
  A leopard gecko (D:2)
  7 orcs
  2 hobgoblins (D:1)
  2 jackals (D:1)
  5 kobolds
  2 quokkas (D:2)
  4 ball pythons
  7 bats
  4 frilled lizards
  3 goblins
  7 rats
49 creatures vanquished.

Notes
Turn   | Place    | Note
-------+----------+-------------------------------------------
     0 | D:1      | slep the Demonspawn Gladiator began the quest for the Orb.
     0 | D:1      | Reached XP level 1. HP: 16/16 MP: 1/1
   208 | D:1      | Gained mutation: You sometimes gain a little power by taking damage. [demonic ancestry]
   208 | D:1      | Reached XP level 2. HP: 17/22 MP: 2/2
   550 | D:2      | Gained mutation: You have sharp fingernails. [demonic ancestry]
   550 | D:2      | Reached XP level 3. HP: 10/27 MP: 3/3
   577 | D:2      | HP: 1/27 [poisoned by an adder]
  1229 | D:2      | Reached skill level 1 in Armour
  1229 | D:2      | Reached XP level 4. HP: 33/33 MP: 4/4
  1556 | D:3      | Slain by an orc wizard

Vault maps used:
D:1:      lemuel_arrival_room, minivault_14
D:2:      first_bread, st_stairs_7
D:3:      uniq_robin

Skill      XL: |  1  2  3 |
---------------+----------+-----
Axes           | 3 |  3.8
Throwing       | 2 |  2.0
Dodging        | 3 |  3.1
Armour         | 1 |  1.1
Fighting       | |  2.2
Stealth        | |  0.6

Action                   |  1- 3 |  4- 6 || total
-------------------------+-------+-------++-------
Melee: War axe           |   119 |    31 ||   150
 Stab: Sleeping          |     1 |       ||     1
  Eat: Chunk             |     1 |       ||     1
Armor: Leather armour    |    41 |    10 ||    51
Dodge: Dodged            |   100 |    30 ||   130

Table legend:
 A = Spawn XP
 B = Non-spawn XP
 C = Spawn XP percentage of total XP
 D = Spawn monster count
 E = Non-spawn monster count
 F = Spawn count percentage of total count
 G = Total turns spent on level
                    A         B        C        D         E        F      G
               +---------+---------+-------+---------+---------+-------+---------
         Total |       0 |     132 |   0.0 |       0 |      49 |   0.0 |  1556
               +---------+---------+-------+---------+---------+-------+---------
           D:1 |       0 |      27 |   0.0 |       0 |      19 |   0.0 |   456
           D:2 |       0 |      96 |   0.0 |       0 |      27 |   0.0 |  1080
           D:3 |       0 |       9 |   0.0 |       0 |       3 |   0.0 |    20
               +---------+---------+-------+---------+---------+-------+---------
